 Dungeon Crawl Stone Soup version 0.31-a0-185-g9dded2c639 (webtiles) character file.

Game seed: 10738438142920882212

90 qw the Shooter (level 4, -2/25 HPs)
             Began as a Deep Elf Hunter on June 22, 2023.
             Killed from afar by an orc wizard (5 damage)
             ... with a magic dart
             ... on level 3 of the Dungeon.
             The game lasted 00:00:50 (1737 turns).

qw the Shooter (Deep Elf Hunter)                    Turns: 1737, Time: 00:00:50

Health: -2/25      AC:  5    Str: 10    XL:     4   Next: 32%
Magic:  0/6        EV: 11    Int: 14    God:
Gold:   33         SH:  0    Dex: 18    Spells: 3/3 levels left

rFire   . . .        Y - +0 shortbow
rCold   . . .        (shield currently unavailable)
rNeg    . . .        j - +0 ring mail
rPois   .            (no helmet)
rElec   .            (no cloak)
rCorr   .            (no gloves)
SInv    .            (no boots)
Will    .....        b - amulet of guardian spirit
Stlth   +            (no ring)
HPRegen 0.24/turn    (no ring)
MPRegen 0.10/turn

%: guardian spirit
@: no status effects
A: no striking features
a: no special abilities


You were on level 3 of the Dungeon.
You visited 1 branch of the dungeon, and saw 3 of its levels.

You collected 75 gold pieces.
You spent 42 gold pieces at shops.


   Skills:
 - Level 1.5 Fighting
 + Level 7.7 Ranged Weapons
 - Level 2.4 Dodging
 - Level 1.2 Stealth


You had 3 spell levels left.
You didn't know any spells.
Your spell library was empty.

Inventory:

Hand Weapons
 Y - a +0 shortbow (weapon)
Armour
 j - a +0 ring mail (worn)
Jewellery
 b - an amulet of guardian spirit (around neck)
Scrolls
 f - a scroll of identify
Potions
 a - a potion of invisibility {unknown}
 c - a potion of ambrosia {unknown}
 d - 2 potions of curing
 e - a potion of enlightenment
 g - a potion of heal wounds

Dungeon Overview and Level Annotations

Branches:
Dungeon (3/15)

Altars:

Shops:
D:2 !

Annotations:
D:2 exclusion: 2 quokkas


Message History

Something hits you but does no damage. The orc hits you but does no damage.
You shoot an arrow.
The arrow hits the orc but does no damage.
The orc is lightly wounded.
Something hits you but does no damage. The orc hits you but does no damage.
You shoot an arrow. The arrow closely misses the orc.
Something hits you but does no damage. The orc barely misses you.
Something hits you. The orc barely misses you.
You shoot an arrow. The arrow hits the orc.
The orc is severely wounded.
The orc closely misses you. Something hits you.
You shoot an arrow.
The arrow hits the orc but does no damage.
The orc is severely wounded.
The orc hits you with a +0 club. Something hits you but does no damage.
You shoot an arrow.
The arrow hits the orc but does no damage.
The orc is severely wounded.
The orc hits you with a +0 club. Something hits you.
You shoot an arrow. The arrow hits the orc.
You kill the orc!
You hear some strange, mumbled words.
Something tries to affect you, but you resist.
You shoot an arrow. Something hits you but does no damage.
You shoot an arrow. Something hits you. x2
You shoot an arrow. Something hits you.
You shoot an arrow. Something completely misses you.
You shoot an arrow. Something hits you but does no damage.
You shoot an arrow. Something hits you.
You shoot an arrow.
You hear some strange, mumbled words.
A magic dart appears from out of thin air!
The magic dart hits you.
You die...

#.#
#######.........
..# #.........#.
.## #.......... .#
#.........# .#
#......)..# .#
#.........# .#
#.........# .#
#.{).# .# ### #)@#
.# ##.## #).#
.######.#.#####..#
.......###.......#
.####.## ##......#
.......###.#######
#######.#.## ##.##
###


There were no monsters in sight!

Vanquished Creatures
  Jessica (D:2)
  An adder (D:2)
  A worm (D:2)
  3 orcs (D:3)
  7 ball pythons
  7 endoplasms
  4 goblins
  A hobgoblin (D:1)
  6 kobolds
  3 quokkas (D:1)
  4 bats
  3 frilled lizards (D:1)
  5 rats
46 creatures vanquished.

Notes
Turn   | Place    | Note
-------+----------+-------------------------------------------
     0 | D:1      | qw the Deep Elf Hunter began the quest for the Orb.
     0 | D:1      | Reached XP level 1. HP: 12/12 MP: 3/3
     0 | D:1      | 0 ||| qw: Version: 0.3-a-9-g12657ce
     0 | D:1      | 0 ||| qw: Game counter: 1903
     0 | D:1      | 0 ||| qw: Always use a shield: true
     0 | D:1      | 0 ||| qw: God list: Okawaru
     0 | D:1      | 0 ||| qw: Allow faded altars: false
     0 | D:1      | 0 ||| qw: Do Orc after D:15 true
     0 | D:1      | 0 ||| qw: Do second Lair branch before Depths: true
     0 | D:1      | 0 ||| qw: Lair rune preference: random
     0 | D:1      | 0 ||| qw: Plans: Normal
     0 | D:1      | 0 ||| PLANNING D:1-11
   160 | D:1      | Reached skill level 6 in Ranged Weapons
   160 | D:1      | Reached XP level 2. HP: 16/16 MP: 4/4
   213 | D:1      | 213 ||| FLEEEEING.
   454 | D:1      | Reached XP level 3. HP: 15/20 MP: 5/5
   869 | D:1      | 869 ||| READING scroll labelled KAISAA AMOST.
   870 | D:1      | 870 ||| READING scroll labelled CAADECHOEGU.
   871 | D:1      | 871 ||| DROPPING scroll of butterflies.
   884 | D:2      | Noticed Jessica
   890 | D:2      | Killed Jessica
   891 | D:2      | Reached skill level 7 in Ranged Weapons
  1059 | D:2      | 1059 ||| UPGRADING to amulet of guardian spirit.
  1064 | D:2      | 1064 ||| READING scroll labelled JOKEPS IRAMIA.
  1065 | D:2      | 1065 ||| READING 3 scrolls labelled IFEBBEA DUXT.
  1066 | D:2      | 1066 ||| DRINKING 2 cyan potions.
  1067 | D:2      | 1067 ||| DROPPING 2 scrolls of fear.
  1182 | D:2      | Found Danighoe's Distillery.
  1191 | D:2      | 1191 ||| DRINKING 2 murky white potions.
  1203 | D:2      | 1203 ||| SHOPLISTING potion of cancellation (112 gold, have
                  | 45).
  1203 | D:2      | 1203 ||| BUYING potion of curing (42 gold).
  1203 | D:2      | Bought a potion of curing for 42 gold pieces
  1203 | D:2      | 1203 ||| SHOPLISTING potion of haste (140 gold, have 3).
  1203 | D:2      | 1203 ||| SHOPLISTING potion of heal wounds (70 gold, have
                  | 3).
  1220 | D:2      | Reached XP level 4. HP: 23/25 MP: 4/6
  1434 | D:2      | 1434 ||| UPGRADING to +0 ring mail.
  1444 | D:2      | 1444 ||| DROPPING +0 leather armour.
  1447 | D:2      | 1447 ||| READING scroll labelled FEKHLU SAADIDA.
  1448 | D:2      | 1448 ||| READING scroll labelled YSOWKA ESHAUP.
  1449 | D:2      | 1449 ||| DRINKING 2 puce potions.
  1451 | D:2      | 1451 ||| Stepping ~*~*~tactically~*~*~ (cloud).
  1457 | D:2      | HP: 6/25 [poisoned by you (poison gas)]
  1605 | D:3      | 1605 ||| STAIRDANCE
  1732 | D:3      | HP: 6/25 [something (3)]
  1736 | D:3      | HP: 2/25 [something (2)]
  1737 | D:3      | Killed from afar by an orc wizard

Levels and vault maps discovered:
D:1:      arrival_zaba_pyramid, layout_basic
D:2:      layout_basic, serial_shops, nicolae_shop_gibbet_a_chance, uniq_jessica
D:3:      layout_loops_ring, kennysheep_generic_room_11

Skill      XL: |  1  2  3 |
---------------+----------+-----
Ranged Weapons | 6 7 |  7.7
Fighting       | |  1.5
Dodging        | |  2.4
Stealth        | |  1.2

Action                     |  1- 3 |  4- 6 || total
---------------------------+-------+-------++-------
   Fire: Shortbow          |   101 |    48 ||   149
    Use: Scroll            |     4 |     2 ||     6
         Potion            |     2 |     1 ||     3
 Armour: Leather armour    |    10 |     1 ||    11
         Ring mail         |       |    14 ||    14
  Dodge: Dodged            |    24 |    10 ||    34

Table legend:
 A = Non-vault XP
 B = Vault XP
 C = Vault XP percentage of total XP
 D = Non-vault monster count
 E = Vault monster count
 F = Vault count percentage of total count
                 A         B        C        D         E       F
            +---------+---------+-------+---------+---------+-------
      Total |      92 |      37 |  28.7 |      45 |       1 |   2.2
            +---------+---------+-------+---------+---------+-------
        D:1 |      47 |       0 |   0.0 |      29 |       0 |   0.0
        D:2 |      34 |      37 |  52.1 |      12 |       1 |   7.7
        D:3 |      11 |       0 |   0.0 |       4 |       0 |   0.0
            +---------+---------+-------+---------+---------+-------
